 Dungeon Crawl Stone Soup version 0.29.1-2-gbd0b4ee654 (webtiles) character file.

Game seed: 4064106565919029644

6722 croobank the Conjurer (level 10, -1/76 HPs)
             Began as a Demonspawn Conjurer on Nov 14, 2022.
             Was an Initiate of Gozag.
             Slain by a hornet (6 damage)
             ... while paralysed by a hornet
             ... on level 9 of the Dungeon on Nov 15, 2022.
             The game lasted 00:39:23 (11657 turns).

croobank the Conjurer (Demonspawn Conjurer)        Turns: 11657, Time: 00:39:24

Health: -1/76      AC:  8    Str:  8    XL:     10   Next: 74%
Magic:  0/19       EV:  2    Int: 23    God:    Gozag
Gold:   344        SH:  0    Dex: 12    Spells: 9/21 levels left

rFire   . . .      SeeInvis .   a - +8 quick blade
rCold   + . .      Faith    .   (no shield)
rNeg    . . .      Spirit   +   m - +2 robe {Will+}
rPois   .          Reflect  .   (no helmet)
rElec   .          Harm     .   (no cloak)
rCorr   .          Rampage  .   (no gloves)
Will    +....                   (no boots)
Stlth   +++.......              o - amulet of guardian spirit
HPRegen 0.22/turn               k - +4 ring of protection
MPRegen 0.32/turn               i - ring of protection from cold

@: paralysed, lethally poisoned (-1 -> -15), slowed
A: large bone plates 2, powered by pain 1, magic regeneration, demonic touch 1
a: Renounce Religion, Potion Petition, Call Merchant, Bribe Branch


You were on level 9 of the Dungeon.
You worshipped Gozag.
Gozag was aware of your devotion.
You visited 2 branches of the dungeon, and saw 10 of its levels.
You also visited: Ossuary.

You collected 523 gold pieces.
You paid 179 gold pieces to Gozag.

Inventory:

Hand Weapons
 a - a +8 quick blade (weapon)
 d - a +0 war axe
 g - a +5 flail of freezing
 n - a +0 rapier
 t - a +2 hand axe of venom
 y - a +1 whip of flaming
 L - a +3 halberd of freezing
 M - a +3 falchion
Armour
 h - a +1 ring mail
 m - a +2 robe of willpower (worn)
Jewellery
 i - a ring of protection from cold (right hand)
 k - a +4 ring of protection (left hand)
 o - an amulet of guardian spirit (around neck)
 B - a ring of resist corrosion
 J - a ring of ice
Wands
 r - a wand of acid (10)
Scrolls
 l - 3 scrolls of magic mapping
 q - 2 scrolls of poison
 s - a scroll of blinking
 w - 4 scrolls of teleportation
 A - 2 scrolls of fog
 C - 3 scrolls of immolation
 D - 3 scrolls of identify
 E - 2 scrolls of fear
 I - 3 scrolls of amnesia
 K - a scroll of vulnerability
Potions
 b - 2 potions of magic
 c - 4 potions of flight
 e - 3 potions of attraction
 f - 7 potions of heal wounds
 j - 2 potions of mutation
 u - a potion of haste
 v - a potion of berserk rage
 x - 4 potions of lignification
 z - 5 potions of curing
 F - a potion of ambrosia
 G - a potion of resistance
 H - 2 potions of cancellation


   Skills:
 + Level 6.1 Fighting
 + Level 5.1 Short Blades
 + Level 6.0 Dodging
 + Level 6.5 Stealth
 + Level 6.0 Spellcasting
 + Level 7.6 Conjurations
 - Level 3.0 Hexes
 + Level 1.6 Translocations
 - Level 3.0 Air Magic
 - Level 3.0 Poison Magic


You had 9 spell levels left.
You knew the following spells:

 Your Spells              Type           Power      Damage    Failure   Level
a - Magic Dart            Conj           100%       1d8       1%          1
b - Searing Ray           Conj           82%        2d7       1%          2
c - Dazzling Flash        Conj/Hex       62%        N/A       3%          3
d - Poisonous Vapours     Pois/Air       40%        N/A       3%          2
e - Iskenderun's Mystic   Conj/Tloc      28%        2d7       13%         4

Your spell library contained the following spells:

 Spells                   Type           Power      Damage    Failure   Level
 Sting                    Tmut/Pois      52%        1d5       4%          1
 Fulminant Prism          Conj/Hex       15%        3d11      10%         4
 Gell's Gravitas          Tloc           14%        N/A       13%         3
 Teleport Other           Tloc           14%        N/A       13%         3
 Olgreb's Toxic Radiance  Pois           20%        N/A       24%         4
 Summon Lightning Spire   Summ/Air       13%        N/A       41%         4
 Lee's Rapid Deconstruct  Erth           3%         3d6*      93%         5
 Dispersal                Tloc           7%         N/A       100%        6
 Storm Form               Tmut/Air       6%         N/A       100%        7
 Maxwell's Capacitive Co  Air            10%        ∞         100%        8


Dungeon Overview and Level Annotations

Branches:
Dungeon (9/15)             Temple (1/1) D:4         Ossuary (visited)
   Lair: D:8-11         Orc: D:9-12

Altars:
Ashenzari
Cheibriados
Dithmenos
Fedhas
Gozag
Kikubaaqudgha
Makhleb
Nemelex Xobeh
Okawaru
Qazlal
Ru
Sif Muna
Trog
Uskayaw
Vehumet
Wu Jian
Xom
Yredelemnul

Shops:
D:1 *   D:9 [

Annotations:
D:1 1 runed translucent door
D:8 1 runed translucent door, Lutefisk's ghost, novice OgCA


Innate Abilities, Weirdness & Mutations

You are mostly covered in large bone plates. (SH +6)
You sometimes gain a little power by taking damage.
You regenerate magic rapidly.
Your touch may inflict minor irresistible damage on your foes.


Message History

The hornet is severely wounded.
You feel sick. The hornet closely misses you.
You hit the hornet.
The hornet is almost dead.
The hornet closely misses you.
You closely miss the hornet. Your touch misses the hornet.
The hornet is almost dead.
You feel sick. The hornet stings you!
You feel as though you will be slow longer.
You barely miss the hornet.
The hornet is almost dead.
You feel sick.
You are no longer poisoned.
You block the hornet's attack.
You barely miss the hornet. Your punch misses the hornet.
The hornet is almost dead.
The hornet closely misses you.
You hit the hornet. Your touch misses the hornet.
The hornet is almost dead.
The hornet stings you.
You are poisoned.
You suddenly lose the ability to move!
You feel very sick. The hornet stings you!
You are more poisoned.
You feel as though you will be slow longer.
The hornet stings you but does no damage.
* * * LOW HITPOINT WARNING * * *
You feel very sick. The hornet stings you!
* * * LOW HITPOINT WARNING * * *
You feel as though you will be slow longer.
* * * LOW HITPOINT WARNING * * *
You feel very sick. The hornet stings you!
* * * LOW HITPOINT WARNING * * *
You feel as though you will be slow longer.
The hornet stings you!
You die...
Your body crumbles into a pile of gold.

####.........................>..
##.######.########.....####.##
####..# #........# #.# #...>##
##.#######......## #.# ####O###
.................# #.#
#...##'#######.......#..###.##
####T#.........##.##..#.#........
...............$..........####.#.
...#{##........#@.....#.### #.#.
...#.##........#y#....#.# #.#.
...#.##.........∩..####.# ####.#.
...#.##........#.#.. .. #......
...#.##..........#### ..#####.##
...#.########.##.. #.......##
...#..## #.##.# #.###.....
##.##..# # #.. ####.. #.###.##
###


You could see a hornet.

Vanquished Creatures
  A boulder beetle (D:9)
  Pikel (D:6)
  A freezing wraith (D:9)
  A hornet (D:9)
  A yak (D:9)
  A wyvern (D:9)
  Duvessa (D:5)
  4 orc warriors
  2 ice beasts
  A sky beast (D:7)
  3 black bears
  2 hornet zombies (Ossuary)
  5 ogres
  2 centaurs
  A phantom (D:5)
  A necrophage (D:5)
  2 wyvern zombies (Ossuary)
  A bullfrog (D:8)
  2 water moccasin zombies (Ossuary)
  Dowan (D:5)
  3 scorpions
  15 wights
  2 howler monkeys (D:8)
  5 centaur zombies (Ossuary)
  5 bullfrog zombies (Ossuary)
  3 hounds
  4 jellies
  5 orc priests
  2 gnoll boudas
  6 iguanas
  10 orc wizards
  A killer bee zombie (Ossuary)
  15 mummies (Ossuary)
  2 howler monkey zombies (Ossuary)
  9 gnolls
  10 adders
  2 white imps
  4 worms
  4 dart slugs
  34 orcs
  7 ball pythons
  8 endoplasms
  5 giant cockroaches
  2 hobgoblins
  4 jackals (D:4)
  5 bats
  4 frilled lizards
  3 goblins
  A jackal zombie (D:7)
  3 kobolds
  4 rats
221 creatures vanquished.

Vanquished Creatures (collateral kills)
  A quokka (D:3)
1 creature vanquished.

Vanquished Creatures (others)
  2 withered plants (Ossuary)
2 creatures vanquished.

Grand Total: 224 creatures vanquished

Notes
Turn   | Place    | Note
-------+----------+-------------------------------------------
     0 | D:1      | croobank the Demonspawn Conjurer began the quest for the
                  | Orb.
     0 | D:1      | Reached XP level 1. HP: 13/13 MP: 3/3
     1 | D:1      | Found a runed translucent door.
    73 | D:1      | Found Tiumm's Assorted Antiques.
   185 | D:1      | You fall into a shaft and drop 1 floor!
   273 | D:2      | Gained mutation: Your touch may inflict minor irresistible
                  | damage on your foes. [demonic ancestry]
   273 | D:2      | Reached XP level 2. HP: 19/19 MP: 0/5
   276 | D:2      | Learned a level 2 spell: Searing Ray
   574 | D:2      | Gained mutation: You regenerate magic rapidly. [demonic
                  | ancestry]
   574 | D:2      | Reached XP level 3. HP: 12/25 MP: 1/6
   832 | D:2      | Reached skill level 1 in Fighting
  1616 | D:2      | Reached XP level 4. HP: 32/32 MP: 4/7
  1631 | D:2      | Learned a level 3 spell: Dazzling Flash
  1878 | D:3      | Found a faded altar of an unknown god.
  2547 | D:4      | Reached XP level 5. HP: 36/38 MP: 4/9
  2942 | D:4      | Noticed an ogre
  2948 | D:4      | Killed an ogre
  3294 | D:4      | Reached XP level 6. HP: 44/44 MP: 3/10
  3326 | D:4      | Found a bloodstained altar of Trog.
  3331 | D:4      | Found a staircase to the Ecumenical Temple.
  3394 | D:4      | Identified a scroll of acquirement
  3397 | D:4      | Acquired a +8 quick blade
  3873 | D:5      | Entered Level 5 of the Dungeon
  4074 | D:5      | Reached skill level 5 in Conjurations
  4341 | D:5      | Reached skill level 1 in Short Blades
  4342 | D:5      | Gained mutation: You are partially covered in large bone
                  | plates. (SH +4) [demonic ancestry]
  4342 | D:5      | Reached XP level 7. HP: 41/51 MP: 4/12
  4536 | D:5      | Noticed Duvessa
  4536 | D:5      | Noticed Dowan
  4556 | D:5      | Killed Duvessa
  4564 | D:5      | Killed Dowan
  4756 | D:5      | Found an iron altar of Okawaru.
  4818 | D:5      | Gained mutation: You are mostly covered in large bone
                  | plates. (SH +6) [demonic ancestry]
  4818 | D:5      | Reached XP level 8. HP: 51/58 MP: 10/14
  5434 | D:5      | Reached skill level 6 in Conjurations
  5550 | D:6      | Noticed Pikel
  5562 | D:6      | Killed Pikel
  5563 | D:6      | Reached skill level 5 in Stealth
  5950 | D:6      | Found a broken altar of Ashenzari.
  6050 | D:6      | Found Woinom's Jewellery Boutique.
  6179 | D:6      | Gained mutation: You sometimes gain a little power by
                  | taking damage. [demonic ancestry]
  6179 | D:6      | Reached XP level 9. HP: 66/66 MP: 16/16
  6282 | D:6      | Learned a level 2 spell: Poisonous Vapours
  6618 | D:7      | Reached skill level 5 in Spellcasting
  6618 | D:7      | Reached skill level 1 in Hexes
  6715 | D:7      | Reached skill level 1 in Poison Magic
  6798 | D:7      | Found a sand-covered staircase.
  6809 | Ossuary  | Entered an ossuary
  6841 | Ossuary  | Reached skill level 1 in Air Magic
  6862 | Ossuary  | Reached skill level 5 in Dodging
  6886 | Ossuary  | Reached skill level 5 in Fighting
  7648 | D:7      | Found an ancient bone altar of Kikubaaqudgha.
  7778 | D:7      | Learned a level 4 spell: Iskenderun's Mystic Blast
  8258 | D:8      | Found a runed translucent door.
  8258 | D:8      | Noticed Lutefisk's ghost (novice OgCA)
  8286 | D:8      | Reached XP level 10. HP: 65/74 MP: 15/18
  8394 | D:8      | Reached skill level 7 in Conjurations
  9047 | D:8      | Found a basalt altar of Yredelemnul.
  9971 | D:9      | Paralysed by a hornet for 1 turns
  9999 | D:9      | Noticed a two-headed ogre
 10770 | D:9      | Reached skill level 1 in Translocations
 11203 | Temple   | Entered the Ecumenical Temple
 11297 | Temple   | Became a worshipper of Gozag Ym Sagoz the Greedy
 11528 | D:9      | Noticed a boulder beetle
 11551 | D:9      | Killed a boulder beetle
 11552 | D:9      | Reached skill level 5 in Short Blades
 11633 | D:9      | Found Reut's Antique Armour Boutique.
 11641 | D:9      | Paralysed by a hornet for 1 turns
 11654 | D:9      | Paralysed by a hornet for 3 turns
 11657 | D:9      | Slain by a hornet

Illustrated notes

Levels and vault maps discovered:
D:1:      dpeg_arrival_caged_fury, layout_rooms, serial_shops, shop
D:2:      layout_basic, chequers_serial_rivers_room_a
D:3:      layout_basic, ebering_ecumenical_altar_webs, chequers_garden
D:4:      layout_basic, mainiacjoe_overflow_catwalk, temple_fountains,
          minmay_misc_feat_rugged, kennysheep_generic_room_8
D:5:      minmay_diamond_boxcup, layout_loops_ring, kennysheep_mini_moat,
          uniq_duvessa
D:6:      layout_cave_pools, lemuel_doored_altar, serial_shops, shop, uniq_pikel
D:7:      layout_cave_pools, general_overflow_altar, enter_ossuary_3
D:8:      layout_basic, mainiacjoe_overflow_alcove_2, gammafunk_ghost_grave,
          minmay_misc_feat_columns, hangedman_decor_diamond_cutter
D:9:      layout_basic, nicolae_hepliaklqana_hippocampus, serial_shops,
          nicolae_shop_crystal, minmay_pinched_square
Temple:   lightli_temple_of_artemis

Skill      XL: |  1  2  3  4  5  6  7  8  9 10 |
---------------+-------------------------------+-----
Stealth        | 2 3 4 5 6 |  6.5
Dodging        | 2 3 4 5 6 |  6.0
Fighting       | 1 2 3 4 5 6 |  6.1
Spellcasting   | 3 4 5 6 |  6.0
Conjurations   | 5 6 7 |  7.6
Short Blades   | 1 2 3 4 5 |  5.1
Hexes          | 2 3 |  3.0
Poison Magic   | 2 3 |  3.0
Air Magic      | 2 3 |  3.0
Translocations | 1 |  1.6

Action                   |  1- 3 |  4- 6 |  7- 9 | 10-12 || total
-------------------------+-------+-------+-------+-------++-------
Melee: Dagger            |    21 |    14 |       |       ||    35
       Touch             |     4 |     5 |    75 |    40 ||   124
       Quick blade       |       |    52 |   387 |   224 ||   663
       Punch             |       |     2 |     4 |     3 ||     9
 Cast: Magic Dart        |    55 |    46 |     3 |     3 ||   107
       Searing Ray       |     3 |    22 |       |     1 ||    26
       Dazzling Flash    |       |       |     3 |    11 ||    14
       Poisonous Vapours |       |       |       |     5 ||     5
  Use: Scroll            |       |    15 |     9 |     1 ||    25
       Potion            |       |     2 |     1 |     2 ||     5
 Stab: Sleeping          |     1 |     1 |    12 |       ||    14
       Invisible         |       |       |     1 |     5 ||     6
       Distracted        |       |       |       |     1 ||     1
Armor: Robe              |     7 |    14 |    54 |    23 ||    98
       Skin              |       |    45 |       |       ||    45
Dodge: Dodged            |    21 |    38 |   103 |    74 ||   236
Block: Other             |       |       |    68 |    24 ||    92
